 Dungeon Crawl Stone Soup version 0.21-a0-150-gc243083 (webtiles) character file.

93069 LlamaFarmer the Imperceptible (level 15, -5/81 HPs)
             Began as a Spriggan Enchanter on July 23, 2017.
             Was an Initiate of Gozag.
             Killed from afar by a shock serpent (20 damage)
             ... with a bolt of electricity
             ... on level 1 of the Snake Pit on July 26, 2017.
             The game lasted 03:01:36 (36161 turns).

LlamaFarmer the Imperceptible (Spriggan Enchanter) Turns: 36161, Time: 03:01:37

Health: -5/81      AC: 10    Str: 11    XL:     15   Next: 59%
Magic:  0/31       EV: 27    Int: 19    God:    Gozag
Gold:   6789       SH:  0    Dex: 25    Spells: 3/36 levels left

rFire    + . .     SeeInvis +   J - +7 quick blade
rCold    + . .     Gourm    .   (shield restricted)
rNeg     . . .     Faith    .   b - +2 robe
rPois    .         Spirit   +   z - +2 hat {MR+}
rElec    .         Reflect  .   r - scarf {Spirit}
rCorr    .         Harm     .   (gloves unavailable)
MR       +++..                  (boots unavailable)
Stlth    ++++++++++             I - amulet of Zada {rF+ rC+ Regen+ Str+3}
HPRegen  0.63/turn              o - +4 ring of protection
MPRegen  0.22/turn              y - ring of Freedom {Str+4 Dex+4 SInv Stlth+}

@: lethally poisoned (-5 -> -5), gold aura, very quick
A: unfitting armour, hooves 1, camouflage 1, see invisible, blink, herbivore 3,
speed 3, slow metabolism 2, MP-powered wands
a: Blink, Potion Petition, Call Merchant, Bribe Branch, Renounce Religion


You were on level 1 of the Snake Pit.
You worshipped Gozag.
Gozag was greatly pleased with you.
You were not hungry.

You visited 5 branches of the dungeon, and saw 25 of its levels.
You also visited: Labyrinth, Ossuary and Ice Cave.

You collected 8655 gold pieces.
You spent 1200 gold pieces at shops.
You paid 666 gold pieces to Gozag.

Inventory:

Hand Weapons
 J - a +7 quick blade (weapon)
 T - a +4 dagger of venom
Armour
 b - a +2 robe (worn)
 r - a scarf of spirit shield (worn)
 z - a +2 hat of magic resistance (worn)
Jewellery
 f - an uncursed amulet of harm {unknown}
 g - an uncursed ring of resist corrosion
 o - a +4 ring of protection (left hand)
 y - the ring of Freedom (right hand) {Str+4 Dex+4 SInv Stlth+}
   (You found it on level 4 of the Lair of Beasts)

   [ring of stealth]

   It affects your strength (+4).
   It affects your dexterity (+4).
   It lets you see invisible.
   It makes you more stealthy.
 H - the ring "Obbac" {*Corrode rF+ Dex+3 SInv}
   (You took it off a wight on level 7 of the Dungeon)

   [ring of see invisible]

   It affects your dexterity (+3).
   It protects you from fire.
   It lets you see invisible.
   It may corrode you when you take damage.
 I - the amulet of Zada (around neck) {rF+ rC+ Regen+ Str+3}
   (You took it off an orc warrior on level 7 of the Dungeon)

   [amulet of regeneration]

   It affects your strength (+3).
   It protects you from fire.
   It protects you from cold.
   It increases your rate of regeneration.
 Q - the ring of Moaf {rPois Str+5}
   (You found it on level 8 of the Dungeon)

   [ring of strength]

   It affects your strength (+5).
   It protects you from poison.
Wands
 a - a wand of disintegration (10/24)
 q - a wand of disintegration (14/24)
 A - a wand of digging (12/24)
 G - a wand of digging (8/24)
 K - a wand of digging (18/24)
 P - a wand of digging (13/24)
 X - a wand of clouds (0/9)
 Z - a wand of disintegration (11/24)
Scrolls
 e - 2 scrolls of enchant armour
 u - a scroll of enchant weapon
 C - 9 scrolls of remove curse
 D - a scroll of holy word
 E - 4 scrolls of amnesia
 N - a scroll of magic mapping
 O - 4 scrolls of teleportation
 U - a scroll of identify
 V - a scroll of recharging
Potions
 k - 4 potions of flight
 l - 2 potions of brilliance
 m - 3 potions of magic
 n - 6 potions of haste
 p - 3 potions of mutation
 s - 2 potions of might
 t - 2 potions of heal wounds
 v - 10 potions of curing
 w - 2 potions of ambrosia
 L - a potion of resistance
 S - 2 potions of cancellation
 Y - a potion of agility
Books
 c - a book of Conjurations

   Spells                             Type                      Level
   a - Magic Dart                     Conjuration                  1
   b - Searing Ray                    Conjuration                  2
   c - Dazzling Spray                 Conjuration/Hexes            3
   d - Fulminant Prism                Conjuration/Hexes            4
   e - Force Lance                    Conjuration/Translocation    4
   f - Iskenderun's Mystic Blast      Conjuration                  4
 j - a book of Power

   Spells                             Type                      Level
   a - Iskenderun's Battlesphere      Conjuration/Charms           5
   b - Venom Bolt                     Conjuration/Poison           5
   c - Bolt of Magma                  Conjuration/Fire/Earth       5
   d - Iron Shot                      Conjuration/Earth            6
   e - Orb of Destruction             Conjuration                  7
   f - Spellforged Servitor           Conjuration/Summoning        7
 M - a book of Callings

   Spells                             Type                      Level
   a - Summon Small Mammal            Summoning                    1
   b - Call Imp                       Summoning                    2
   c - Call Canine Familiar           Summoning                    3
   d - Summon Guardian Golem          Hexes/Summoning              3
   e - Summon Lightning Spire         Summoning/Air                4
   f - Summon Ice Beast               Ice/Summoning                4
Miscellaneous
 i - a lightning rod (4/4)
 x - a lamp of fire (inert)
 F - a phial of floods (inert)
 W - a fan of gales
Comestibles
 d - 5 bread rations
 h - 18 royal jellies
 B - 22 fruits


   Skills:
 - Level 10.3 Fighting
 - Level 8.0 Short Blades
 - Level 8.1 Dodging
 + Level 24.2 Stealth
 - Level 11.2 Spellcasting
 + Level 1.3 Conjurations
 - Level 11.0 Hexes
 - Level 13.2 Evocations


You had 3 spell levels left.
You knew the following spells:

 Your Spells              Type           Power        Failure   Level  Hunger
a - Corona                Hex            ######.      1%          1    None
b - Ensorcelled Hibernat  Hex/Ice        ####..       1%          2    None
c - Confuse               Hex            ######..     1%          3    None
d - Tukima's Dance        Hex            ######..     1%          3    None
e - Invisibility          Hex            ######..     11%         6    ######.
f - Apportation           Tloc           ##....       7%          1    None
g - Summon Butterflies    Summ           ##......     7%          1    None
h - Summon Mana Viper     Hex/Summ       ####....     19%         5    ####...
i - Iskenderun's Mystic   Conj           ###.....     36%         4    ##.....
j - Orb of Destruction    Conj           ###.......   100%        7    #######


Dungeon Overview and Level Annotations

Branches:
Dungeon (15/15)            Temple (1/1) D:4            Lair (6/6) D:9
  Swamp (0/4) Lair:2        Snake (1/4) Lair:4        Slime (0/5) Lair:6
    Orc (2/2) D:10            Elf (0/3) Orc:2        Vaults (0/5) D:14
 Depths: D:15

Altars:
Ashenzari
Cheibriados
Dithmenos
Elyvilon
Fedhas
Gozag
Makhleb
Nemelex Xobeh
Okawaru
Qazlal
Uskayaw
Vehumet
Yredelemnul
Zin

Shops:
D:4 (   D:6 :   D:10 (   D:12 [   D:14 [   Orc:2 *?(:   Lair:3 (

Portals:
Hell: Lair:6
Pandemonium: Orc:2

Annotations:
D:2 Robin
Snake:1 Aizul


Innate Abilities, Weirdness & Mutations

You are very small and have problems with some larger weapons.
You are too small for most types of armour.
You have supernaturally acute eyesight. (SInv)
You are a herbivore.
You cover ground extremely quickly.
You need consume almost no food.
You have large cloven feet.
Your skin changes colour to match your surroundings (Stealth+).
You can translocate small distances at will.
You expend magic power (3 MP) to strengthen your wands.


Message History

The splash of poison hits you!
You are more poisoned.
You feel sick.
Aizul is engulfed in blazing flames.
Aizul coils herself and waves her upper body at you.
You resist with almost no effort.
The naga sharpshooter shoots an arrow.
The arrow hits you!
You see here an arrow.
You feel sick.
You see here 2 arrows.
The shock serpent shoots out a bolt of lightning at you!
The bolt of electricity hits you!
* * * LOW HITPOINT WARNING * * *
As you read the scroll of fog, it crumbles to dust.
The scroll dissolves into smoke.
You feel sick.
Aizul is engulfed in blazing flames.
The shock serpent shoots out a bolt of lightning at you!
The bolt of electricity hits you!
You die...
Your body crumbles into a pile of gold.

#...## ## ##...## ..#####
####.....## #.N.....#
###.........## #........#
##............####..........
................#..........#.
..............§§.......$....#
........#######§§§§..........
..####### #§@§...!......# ###
#§§§!.........#
#§.§(........# #
##.......SN^..#..
#......S$§§......
#................
#........(.......
#....(..########## #.#######


You could see Aizul, a naga sharpshooter, a shock serpent and a naga (sleeping).

Vanquished Creatures
  A storm dragon (D:10)
  Louise (D:15)
  Nessos (Lair:5)
  A fire dragon (Lair:4)
  A minotaur (Lab)
  Fannar (Lair:2)
  A hell beast (Lair:6)
  4 hydras
  Harold (Lair:2)
  A catoblepas (Lair:2)
  4 centaur warriors
  An anaconda (Snake:1)
  2 death yaks (Lair:2)
  An ogre mage (D:14)
  5 two-headed ogres
  4 orc high priests (Orc:2)
  A sun demon (Orc:2)
  Nergalle (Lair:2)
  Urug (Lair:2)
  A flayed ghost (D:10)
  2 unseen horrors
  A wizard (Lair:6)
  3 gelid demonspawn (Orc:2)
  2 lindwurms (Lair:5)
  Pikel (D:8)
  A deep elf mage (D:7)
  8 orc knights
  A salamander (shapeshifter) (D:10)
  9 orc sorcerers
  4 ugly things
  2 manticores
  4 elephants (Lair:5)
  A salamander (Snake:1)
  2 cyclopes
  6 black mambas
  A guardian serpent (Lair:4)
  2 centaur zombies (D:14)
  An orange demon (Orc:2)
  A naga mage (Snake:1)
  A smoke demon (Orc:2)
  11 spiny frogs
  A gargoyle (D:12)
  4 rime drakes
  A yaktaur (D:10)
  2 ice devils (Lair:6)
  9 komodo dragons
  An efreet (D:15)
  3 red devils
  A tengu conjurer (D:13)
  A queen bee (Lair:5)
  2 trolls
  Grinder (D:3)
  3 meliai (Lair:5)
  9 polar bears
  6 blink frogs
  Prince Ribbit (D:8)
  19 hippogriffs
  7 slime creatures
  A dream sheep (D:11)
  A tarantella (shapeshifter) (D:14)
  4 wyverns
  A shadow (D:14)
  2 vampires
  5 wraiths
  34 yaks
  3 basilisks
  6 hungry ghosts
  A neqoxec (Orc:2)
  Menkaure (D:5)
  5 vampire mosquitoes
  Edmund (D:6)
  7 water moccasins
  3 wargs (Orc:1)
  An acid dragon (D:13)
  3 hell hounds (Lair:6)
  10 porcupines
  A hornet zombie (D:14)
  47 orc warriors
  2 ice beasts
  3 sky beasts
  9 black bears
  2 phantoms
  9 ogres
  3 eyes of draining
  9 centaurs
  23 wolves
  13 crocodiles
  2 big kobolds
  23 bullfrogs
  2 gnoll sergeants
  A wyvern zombie (D:13)
  A water moccasin skeleton (D:6)
  5 scorpions
  A wyvern skeleton (D:14)
  34 killer bees
  14 wights
  4 howler monkeys
  A bullfrog zombie (D:12)
  9 crimson imps
  A gnoll shaman (D:9)
  5 jellies
  5 centaur skeletons
  37 orc priests
  3 bullfrog skeletons
  9 hounds
  22 orc wizards
  Jessica (D:2)
  2 hell rats (Lair:2)
  2 iguanas
  10 worker ants
  3 big kobold zombies (Ossuary)
  A hound zombie (D:8)
  3 mummies
  12 gnolls
  9 adders
  5 river rats (Lair:2)
  4 shadow imps
  11 oozes
  2 adder zombies (Ossuary)
  4 adder skeletons
  2 worms (D:2)
  2 dart slugs
  6 leopard geckos
  92 orcs
  6 giant cockroaches
  8 goblins
  12 hobgoblins
  18 jackals
  3 quokkas
  2 ball pythons
  5 bats
  8 frilled lizards
  4 gnoll zombies (Ossuary)
  3 hobgoblin zombies (Ossuary)
  15 kobolds
  2 kobold zombies (Ossuary)
  A leopard gecko skeleton (D:4)
  4 orc zombies (Ossuary)
  A quokka skeleton (D:4)
  A quokka zombie (D:5)
  12 rats
  A fungus (Lair:6)
  A plant (Lab)
836 creatures vanquished.

Vanquished Creatures (collateral kills)
  Rupert (D:12)
  A crimson imp (D:12)
  3 orcs (Orc:1)
5 creatures vanquished.

Vanquished Creatures (others)
  Gastronok (D:8)
  A hydra (Lair:6)
  A polar bear (IceCv)
  A yak (IceCv)
  A sky beast (D:8)
  4 slaves (D:8)
  5 wolves (IceCv)
  A centaur (D:14)
  A water moccasin zombie (Ossuary)
  A wight (D:8)
  An orc priest (D:8)
  2 adders (D:8)
  A shadow imp (D:8)
  2 orcs (D:8)
  A gnoll zombie (Ossuary)
  2 hobgoblin zombies (Ossuary)
  A kobold zombie (Ossuary)
  2 orc zombies (Ossuary)
  5 fungi
  8 plants
42 creatures vanquished.

Grand Total: 883 creatures vanquished

Notes
Turn   | Place    | Note
-------+----------+-------------------------------------------
     0 | D:1      | LlamaFarmer the Spriggan Enchanter began the quest for the Orb.
     0 | D:1      | Reached XP level 1. HP: 9/9 MP: 5/5
   135 | D:1      | Reached XP level 2. HP: 13/13 MP: 4/6
   145 | D:1      | Learned a level 2 spell: Ensorcelled Hibernation
   349 | D:2      | Reached skill level 5 in Stealth
  1247 | D:1      | Reached XP level 3. HP: 16/16 MP: 8/8
  2591 | D:2      | Noticed Jessica
  2673 | D:1      | Reached skill level 6 in Stealth
  2770 | D:2      | Noticed Robin
  2880 | D:1      | Upgraded the game from 0.21-a0-142-gdd972a7 to 0.21-a0-143-g1ab7d47
  2905 | D:2      | Reached XP level 4. HP: 21/21 MP: 6/9
  3402 | D:2      | Killed Jessica
  3679 | D:3      | Found a burning altar of Makhleb.
  4362 | D:2      | Reached skill level 7 in Stealth
  4433 | D:2      | Reached XP level 5. HP: 22/24 MP: 4/10
  4880 | D:3      | Noticed Grinder
  4928 | D:3      | Paralysed by Grinder for 4 turns
  4949 | D:3      | Killed Grinder
  4949 | D:3      | Reached skill level 5 in Short Blades
  4949 | D:3      | Reached skill level 8 in Stealth
  4949 | D:3      | Reached XP level 6. HP: 24/28 MP: 7/11
  4954 | D:3      | Found a faded altar of an unknown god.
  5636 | D:4      | Found a staircase to the Ecumenical Temple.
  5644 | Temple   | Entered the Ecumenical Temple
  5649 | Temple   | Became a worshipper of Gozag Ym Sagoz the Greedy
  5667 | D:4      | Found Ujappy's Weapon Emporium.
  5717 | D:4      | Reached skill level 9 in Stealth
  5717 | D:4      | Reached XP level 7. HP: 32/32 MP: 9/12
  5738 | D:4      | Found a glowing silver altar of Zin.
  5738 | D:4      | Noticed an angel
  5822 | D:4      | Found a sand-covered staircase.
  5830 | Ossuary  | Entered an ossuary
  5835 | Ossuary  | Learned a level 3 spell: Confuse
  5839 | Ossuary  | Learned a level 3 spell: Tukima's Dance
  7204 | D:4      | Got a pitted cloak
  7217 | D:4      | Identified the cursed +0 cloak of the Gardener {rF+++ Slay-6 SInv Stlth+} (You found it on level 4 of the Dungeon)
  7309 | D:3      | Reached skill level 5 in Dodging
  7309 | D:3      | Reached skill level 10 in Stealth
  8133 | D:5      | Entered Level 5 of the Dungeon
  8143 | D:5      | Reached XP level 8. HP: 36/36 MP: 13/13
  8677 | D:5      | Found a white marble altar of Elyvilon.
  8677 | D:5      | Found a sparkling altar of Nemelex Xobeh.
  8677 | D:5      | Found a radiant altar of Vehumet.
  8677 | D:5      | Found a shadowy altar of Dithmenos.
  9232 | D:6      | Found a white marble altar of Elyvilon.
  9749 | D:6      | Reached skill level 11 in Stealth
  9764 | D:6      | Found a hide-covered altar of Uskayaw.
  9766 | D:6      | Found a basalt altar of Yredelemnul.
  9798 | D:6      | Noticed Menkaure
 10055 | D:6      | Noticed Edmund
 10076 | D:6      | Killed Edmund
 10269 | D:5      | Killed Menkaure
 10374 | D:6      | Found a shattered altar of Ashenzari.
 10375 | D:6      | Found a snail-covered altar of Cheibriados.
 10860 | D:6      | Found Soabej's Book Emporium.
 11602 | D:7      | Reached XP level 9. HP: 39/39 MP: 7/14
 11803 | D:7      | Reached skill level 5 in Spellcasting
 11862 | D:7      | Noticed a troll
 11896 | D:7      | Killed a troll
 11919 | D:7      | Noticed a deep elf mage
 11951 | D:7      | Killed a deep elf mage
 11953 | D:7      | Got a shimmering silver ring
 12004 | D:7      | Got a faintly glowing amber ring
 12136 | D:7      | Got a scintillating sapphire amulet
 12210 | D:7      | Found a runed door.
 12210 | D:7      | Found a runed door.
 12240 | D:7      | Reached skill level 10 in Spellcasting
 12304 | D:7      | Got a smoking ruby amulet
 12403 | D:7      | Reached XP level 10. HP: 44/44 MP: 19/25
 12464 | D:7      | Found a blossoming altar of Fedhas.
 12947 | D:7      | Identified the ring "Obbac" {*Corrode rF+ Dex+3 SInv} (You took it off a wight on level 7 of the Dungeon)
 12949 | D:7      | Identified the ring of Geit Hyff {rCorr *Drain rN+++ SInv Stlth-} (You took it off a deep elf mage on level 7 of the Dungeon)
 12950 | D:7      | Identified the amulet of Zada {rF+ rC+ Regen+ Str+3} (You took it off an orc warrior on level 7 of the Dungeon)
 12952 | D:7      | Identified the amulet "Fibouno" {Reflect Int+3 Dex+2 Slay-5 SH+2 Stlth+} (You found it on level 7 of the Dungeon)
 13037 | D:8      | Noticed Gastronok
 13122 | D:6      | Bought a book of Party Tricks for 750 gold pieces
 13129 | D:6      | Learned a level 6 spell: Invisibility
 13131 | D:6      | Learned a level 1 spell: Apportation
 13133 | D:6      | Learned a level 1 spell: Summon Butterflies
 13197 | D:8      | Got a scorched iron ring
 13210 | D:8      | Reached skill level 12 in Stealth
 13241 | D:8      | Noticed a two-headed ogre
 13243 | D:8      | Noticed Pikel
 13335 | D:8      | Killed Pikel
 13335 | D:8      | Reached skill level 1 in Fighting
 13992 | D:8      | Killed a two-headed ogre
 13992 | D:8      | Reached skill level 5 in Hexes
 14147 | D:8      | Noticed Prince Ribbit
 14173 | D:8      | Killed Prince Ribbit
 14173 | D:8      | Reached skill level 13 in Stealth
 14358 | D:8      | Noticed a two-headed ogre
 14442 | D:8      | Killed Gastronok
 15468 | D:9      | Found a stormy altar of Qazlal.
 15813 | D:9      | Found a staircase to the Lair.
 16025 | Lair:1   | Entered Level 1 of the Lair of Beasts
 16025 | Lair:1   | Noticed a black mamba
 16146 | Lair:1   | Reached XP level 11. HP: 45/52 MP: 18/27
 16278 | Lair:1   | Noticed a five-headed hydra
 16313 | Lair:1   | Killed a five-headed hydra
 16579 | Lair:1   | Reached skill level 14 in Stealth
 17053 | Lair:2   | Noticed Harold
 17058 | Lair:2   | Killed Harold
 17069 | Lair:2   | Noticed Urug
 17197 | Lair:2   | Noticed Nergalle
 17224 | Lair:2   | Killed Urug
 17224 | Lair:2   | Reached skill level 5 in Fighting
 17302 | Lair:2   | Noticed Fannar
 17319 | Lair:2   | Killed Fannar
 17319 | Lair:2   | Reached skill level 15 in Stealth
 17434 | Lair:2   | Found a staircase to the Swamp.
 17497 | Lair:2   | Killed Nergalle
 17633 | Lair:1   | Identified the ring of Moaf {rPois Str+5} (You found it on level 8 of the Dungeon)
 17748 | Lair:2   | Noticed a death yak
 17751 | Lair:2   | Noticed a catoblepas
 17752 | Lair:2   | Noticed a death yak
 17758 | Lair:2   | Killed a catoblepas
 17762 | Lair:2   | Reached skill level 10 in Hexes
 17762 | Lair:2   | Reached XP level 12. HP: 61/61 MP: 25/28
 17796 | Lair:2   | Killed a death yak
 17814 | Lair:2   | Killed a death yak
 17814 | Lair:2   | Reached skill level 16 in Stealth
 17889 | Lair:2   | Noticed an eight-headed hydra
 17968 | Lair:3   | Found a frozen archway.
 18001 | IceCv    | Entered an ice cave
 18797 | Lair:3   | Noticed a seven-headed hydra
 18827 | Lair:3   | Killed a seven-headed hydra
 18827 | Lair:3   | Reached skill level 17 in Stealth
 19632 | Lair:4   | Found a staircase to the Snake Pit.
 19880 | Lair:4   | Noticed a fire dragon
 19884 | Lair:4   | Killed a fire dragon
 19903 | Lair:4   | Got a translucent bone ring
 19911 | Lair:4   | Identified the ring of Freedom {Str+4 Dex+4 SInv Stlth+} (You found it on level 4 of the Lair of Beasts)
 20082 | Lair:5   | Reached skill level 18 in Stealth
 20420 | Lair:6   | Entered Level 6 of the Lair of Beasts
 20432 | Lair:6   | Killed a six-headed hydra
 20592 | Lair:6   | Reached XP level 13. HP: 69/69 MP: 23/29
 21059 | Lair:6   | Found a staircase to the Slime Pits.
 21352 | Lair:6   | Found a burning altar of Makhleb.
 21530 | Lair:6   | Reached skill level 19 in Stealth
 22025 | Lair:6   | Found a gateway to Hell.
 22040 | Lair:6   | Identified the Almanac of Companions and Stolen Souls
 22713 | Lair:5   | Noticed Nessos
 22715 | Lair:5   | Killed Nessos
 22715 | Lair:5   | Reached skill level 10 in Fighting
 22740 | Lair:5   | Reached skill level 20 in Stealth
 23191 | Lair:5   | Reached skill level 1 in Evocations
 23491 | Lair:2   | Reached XP level 14. HP: 71/77 MP: 27/30
 23649 | Lair:2   | Learned a level 5 spell: Summon Mana Viper
 23726 | D:10     | Entered Level 10 of the Dungeon
 23746 | D:10     | Found a staircase to the Orcish Mines.
 23765 | D:10     | Found a large runed door.
 23766 | D:10     | Found a large runed door.
 24013 | D:10     | Found Tod Log's Antique Weapon Shoppe.
 24427 | D:10     | Reached skill level 21 in Stealth
 24720 | D:10     | Reached skill level 5 in Evocations
 24971 | D:10     | Found a hide-covered altar of Uskayaw.
 24971 | D:10     | Noticed a storm dragon
 24975 | D:10     | Killed a storm dragon
 24984 | D:10     | Found an opulent altar of Gozag.
 25197 | D:11     | Found a huge runed gate.
 25197 | D:11     | Found a huge runed gate.
 25197 | D:11     | Found a huge runed gate.
 25200 | D:11     | Found a huge runed gate.
 26153 | D:12     | Found Unkoseij's Antique Armour Shoppe.
 26445 | D:12     | Noticed Rupert
 26496 | D:12     | Found a labyrinth entrance.
 26505 | Lab      | Entered a labyrinth
 27766 | D:13     | Identified a scroll of acquirement
 27767 | D:13     | Got a warped quick blade
 27768 | D:13     | Identified the +2 quick blade of Bovaki {pierce, *Corrode rN+ Int+2} (You acquired it on level 13 of the Dungeon)
 28038 | Orc:1    | Entered Level 1 of the Orcish Mines
 28057 | Orc:1    | Reached skill level 22 in Stealth
 28327 | Orc:2    | Entered Level 2 of the Orcish Mines
 28707 | Orc:2    | Found a staircase to the Elven Halls.
 28733 | Orc:1    | Gained mutation: Your spells are a little easier to cast, but a little less powerful. [mutagenic glow]
 28798 | Orc:1    | Gained mutation: Your magical capacity is low. (-10% MP) [mutagenic glow]
 28806 | Orc:1    | Lost mutation: Your magical capacity is low. (-10% MP) [potion of mutation]
 28806 | Orc:1    | Lost mutation: Your spells are a little easier to cast, but a little less powerful. [potion of mutation]
 28806 | Orc:1    | Gained mutation: You are clumsy. (Dex -2) [potion of mutation]
 28806 | Orc:1    | Gained mutation: You are somewhat resistant to further mutation. [potion of mutation]
 28807 | Orc:1    | Lost mutation: You are clumsy. (Dex -2) [potion of mutation]
 28807 | Orc:1    | Lost mutation: You are somewhat resistant to further mutation. [potion of mutation]
 28807 | Orc:1    | Gained mutation: You have large cloven feet. [potion of mutation]
 28807 | Orc:1    | Gained mutation: You can translocate small distances at will. [potion of mutation]
 28807 | Orc:1    | Gained mutation: Your skin changes colour to match your surroundings (Stealth+). [potion of mutation]
 29501 | Orc:2    | Found Cituaz's Magic Scroll Shop.
 29505 | Orc:2    | Found Acvadich's General Store.
 29514 | Orc:2    | Reached skill level 10 in Evocations
 30656 | Orc:2    | Found a burning altar of Makhleb.
 31027 | Orc:2    | Reached XP level 15. HP: 81/81 MP: 22/31
 31030 | Orc:2    | Reached skill level 23 in Stealth
 31052 | Orc:2    | Found Wyamifru's Book Shoppe.
 31052 | Orc:2    | Found Tizuitu Nuth's Antique Weapon Emporium.
 31056 | Orc:2    | Found a one-way gate leading to the halls of Pandemonium.
 31087 | Orc:2    | Gained mutation: You expend magic power (3 MP) to strengthen your wands. [mutagenic glow]
 31347 | Orc:2    | Bought a book of Conjurations for 450 gold pieces
 31352 | Orc:2    | Learned a level 4 spell: Iskenderun's Mystic Blast
 31360 | Orc:2    | Learned a level 7 spell: Orb of Destruction
 32014 | D:12     | Killed Rupert
 33622 | D:14     | Found Kuyhag's Antique Armour Shoppe.
 34040 | D:14     | You fall through a shaft!
 34040 | D:15     | Entered Level 15 of the Dungeon
 34111 | D:15     | Noticed Louise
 34118 | D:15     | Killed Louise
 34197 | D:15     | Found a blossoming altar of Fedhas.
 34291 | D:14     | Reached skill level 24 in Stealth
 34366 | D:14     | Found a gate to the Vaults.
 35457 | D:13     | Upgraded the game from 0.21-a0-143-g1ab7d47 to 0.21-a0-150-gc243083
 36035 | Snake:1  | Entered Level 1 of the Snake Pit
 36109 | Snake:1  | Reached skill level 1 in Conjurations
 36154 | Snake:1  | Noticed Aizul
 36161 | Snake:1  | Killed from afar by a shock serpent

Vault maps used:
D:1:      evilmike_arrival_rings
D:2:      uniq_robin, uniq_jessica
D:3:      nicolae_overflow_hidden_temple, chequers_ecumenical_altar_simple,
          uniq_grinder
D:4:      zin_angel, temple_statues, gup_ossuary_entry_pyramid, serial_shops,
          shop, minmay_joined_circles
D:5:      chequers_temple_overflow_statue_of_worship, first_bread
D:6:      gammafunk_temple_overflow_statue, grunt_temple_overflow_open,
          serial_shops, nicolae_shop_stone, elyvilon_altar_3, uniq_menkaure,
          uniq_edmund
D:7:      minmay_the_grid_triangle_9x9_rhombus_thin, old_standard_altar
D:8:      hangedman_decor_opposing, hangedman_little_slice_of_home,
          lemuel_flame_loot_1, uniq_gastronok, uniq_prince_ribbit1, uniq_pikel
D:9:      grunt_qazlal_sundering, lair_entry_dummy
D:10:     orc_0_dummy, serial_shops, nicolae_shop_trees, jmf_multi_god_temple2
D:11:     lemuel_bear_cage, minivault_5
D:12:     serial_shops, shop, lab_entry_generic, uniq_rupert
D:13:     serial_co_window_serial, co_window_of_opportunity_a,
          co_window_paths_b, co_window_of_opportunity_a, co_window_corner_a,
          co_window_cross_1, co_window_2corner, co_window_paths_c,
          co_window_paths_c, co_window_4corner_b, co_window_paths_d,
          glass_columns_a, glass_columns_b, glass_columns_a
D:14:     hangedman_vaults_entry_quadrant_bands, tso_altar, serial_shops,
          kennysheep_little_box
D:15:     gammafunk_enter_depths_forms, hangedman_decor_slide_cut, basic_altar,
          roderic_batcave, uniq_louise
Temple:   compressed_dpeg_circular_temple
Lair:1:   minivault_24, cheibrodos_lair_reptile_den
Lair:2:   minmay_swamp_entry_swarm, kennysheep_abandoned_house,
          lemuel_fruit_tree, uniq_urug, uniq_nergalle, uniq_fannar, uniq_harold
Lair:3:   portal_ice_cave_entry_pillars_2, cheibrodos_lair_lostbears
Lair:4:   dragon1_lemuel, minmay_snake_entry_spellcaster
Lair:5:   regret_index_wax_grids, uniq_nessos
Lair:6:   evil_forest, nicolae_slime_entry_slimehenge, grunt_megastairs_5
Snake:1:  spider_trap, uniq_aizul, uniq_josephine
Orc:2:    pf_orc_diabolical, basic_altar
Lab:      labyrinth_mini_lab, nicolae_lab_garden
Ossuary:  ossuary_tomb_2
IceCv:    ice_cave_caverns_02

Skill      XL: |  1  2  3  4  5  6  7  8  9 10 11 12 13 14 15 |
---------------+----------------------------------------------+-----
Stealth        | 5 6 7 8 9 10 11 13 15 18 20 22 24 | 24.2
Short Blades   | 2 3 5 6 8 |  8.0
Dodging        | 5 8 |  8.1
Spellcasting   | 3 10 11 | 11.2
Fighting       | 3 6 8 10 | 10.3
Hexes          | 7 10 11 | 11.0
Evocations     | 3 11 13 | 13.2
Conjurations   | 1 |  1.3

Action                   |  1- 3 |  4- 6 |  7- 9 | 10-12 | 13-15 || total
-------------------------+-------+-------+-------+-------+-------++-------
Melee: Dagger            |    94 |    92 |   363 |   502 |  1275 ||  2326
       Kick              |       |       |       |       |   217 ||   217
       Quick blade       |       |       |       |       |    16 ||    16
Throw: Stone             |    11 |       |       |     3 |       ||    14
 Cast: Corona            |     6 |     2 |     1 |       |       ||     9
       Ensorcelled Hiber |    31 |    39 |    62 |    81 |    61 ||   274
       Confuse           |       |       |    63 |   124 |   185 ||   372
       Apportation       |       |       |       |    15 |       ||    15
       Invisibility      |       |       |       |     8 |    29 ||    37
       Summon Butterflie |       |       |       |     1 |       ||     1
       Summon Mana Viper |       |       |       |       |     1 ||     1
Invok: Call Merchant     |       |       |       |     1 |       ||     1
Evoke: Wand              |       |       |       |       |     7 ||     7
       Lamp of fire      |       |       |       |       |     2 ||     2
       Fan of gales      |       |       |       |       |     1 ||     1
       Lightning rod     |       |       |       |       |     1 ||     1
       Sack of spiders   |       |       |       |       |     1 ||     1
       Phial of floods   |       |       |       |       |     2 ||     2
  Use: Scroll            |     4 |     6 |     2 |    17 |    14 ||    43
       Potion            |     2 |       |     2 |     1 |     8 ||    13
 Stab: Sleeping          |    25 |    33 |    51 |    74 |   114 ||   297
       Distracted        |       |     1 |     2 |     9 |    19 ||    31
       Confused          |       |       |    26 |    67 |    99 ||   192
       Invisible         |       |       |       |    21 |   157 ||   178
  Eat: Bread ration      |     1 |       |     3 |     1 |     5 ||    10
       Royal jelly       |       |     1 |     1 |     2 |       ||     4
Armor: Robe              |    10 |    15 |    40 |    33 |    73 ||   171
Dodge: Dodged            |    94 |    58 |   251 |   310 |   906 ||  1619
